3024 views
Uploaded 2020-03-11 15:57:25
Game version 1.32.2
8:36 long 1on1 ladder game on (4)TwistedMeadows
Saved by Shackler
3024 views
Uploaded 2020-03-11 15:57:25
Game version 1.32.2
8:36 long 1on1 ladder game on (4)TwistedMeadows

13 units @ 1.7k
/ 0k
11 buildings @ 1.7k
/ 0.8k


| Healing Salve | 2 | 200 |
| Lesser Clarity Potion | 3 | 210 |
| Scroll of Speed | 1 | 50 |
| total: | 6 | 460g |
| Peon | 7 | 525 | / | 0 |
| Grunt | 5 | 1000 | / | 0 |
| Spirit Walker | 1 | 195 | / | 35 |
| total: | 13 | 1720g | / | 35w |
| Watch Tower | 1 | 110 | / | 80 |
| Altar of Storms | 1 | 180 | / | 50 |
| Orc Burrow | 3 | 480 | / | 120 |
| Voodoo Lounge | 1 | 130 | / | 30 |
| Barracks | 1 | 180 | / | 50 |
| War Mill | 1 | 205 | / | 0 |
| Beastiary | 2 | 290 | / | 280 |
| Tauren Totem | 1 | 135 | / | 155 |
| Stronghold | 1 | 315 | / | 190 |
| total: | 11 | 1710g | / | 765w |
| 0:04 | Peon |
| 0:04 | Peon |
| 0:06 | Altar of Storms |
| 0:15 | Orc Burrow |
| 0:19 | Peon |
| 0:38 | Voodoo Lounge |
| 0:42 | Peon |
| 1:02 | Peon |
| 1:21 | Peon |
| 1:23 | Peon |
| 1:27 | Barracks |
| 2:06 | Healing Salve |
| 2:06 | Lesser Clarity Potion |
| 2:06 | Scroll of Speed |
| 2:08 | Wind Walk |
| 2:58 | Stronghold |
| 3:27 | Grunt |
| 3:52 | Orc Burrow |
| 3:56 | War Mill |
| 4:00 | Orc Burrow |
| 4:33 | Lesser Clarity Potion |
| 4:46 | Grunt |
| 4:56 | Grunt |
| 5:30 | Beastiary |
| 5:41 | Berserker Strength |
| 5:57 | Tauren Totem |
| 6:18 | Serpent Ward |
| 6:42 | Critical Strike |
| 6:53 | Grunt |
| 6:56 | Beastiary |
| 7:21 | Spirit Walker |
| 7:22 | Spirit Walker Adept Training |
| 7:34 | Grunt |
| 7:37 | Steel Armor |
| 7:40 | Watch Tower |
| 7:46 | Healing Salve |
| 7:48 | Lesser Clarity Potion |
| Right click | 453 |
| Select | 138 |
| Select group | 98 |
| Build/train/purchase | 37 |
| Chat | 13 |
| Use ability | 10 |
| Assign group | 9 |
| Misc. action | 1 |
/ 0.2k
7 buildings @ 1.3k
/ 0.4k


| Wisp | 9 | 540 | / | 0 |
| Archer | 6 | 780 | / | 60 |
| Huntress | 6 | 1170 | / | 120 |
| total: | 21 | 2490g | / | 180w |
| Altar of Elders | 1 | 180 | / | 50 |
| Moon Well | 4 | 720 | / | 160 |
| Ancient of War | 1 | 150 | / | 60 |
| Hunter's Hall | 1 | 210 | / | 100 |
| Tree of Ages | 1 | 320 | / | 180 |
| total: | 7 | 1260g | / | 370w |
| 0:03 | Wisp |
| 0:03 | Wisp |
| 0:06 | Altar of Elders |
| 0:10 | Wisp |
| 0:18 | Moon Well |
| 0:20 | Wisp |
| 0:45 | Ancient of War |
| 0:54 | Wisp |
| 1:00 | Wisp |
| 1:27 | Wisp |
| 1:29 | Moon Well |
| 1:43 | Wisp |
| 1:52 | Archer |
| 1:55 | Wisp |
| 2:05 | Archer |
| 2:11 | Force of Nature |
| 2:22 | Hunter's Hall |
| 2:23 | Archer |
| 4:09 | Tree of Ages |
| 4:18 | Huntress |
| 4:22 | Moon Well |
| 4:26 | Huntress |
| 5:05 | Entangling Roots |
| 5:08 | Ultravision |
| 5:10 | Archer |
| 5:29 | Archer |
| 5:31 | Huntress |
| 5:54 | Sentinel |
| 6:52 | Entangling Roots |
| 6:54 | Archer |
| 6:57 | Huntress |
| 7:21 | Huntress |
| 7:36 | Acid Bomb |
| 7:43 | Huntress |
| 7:47 | Moon Well |
| 7:48 | Strength of the Moon |
| 7:48 | Moon Armor |
| Right click | 675 |
| Select | 199 |
| Select group | 113 |
| Assign group | 48 |
| Build/train/purchase | 35 |
| Use ability | 19 |
| Chat | 5 |
| Remove unit | 4 |
| Misc. action | 1 |